 Dungeon Crawl Stone Soup version 0.27.0-65-ge2af304b15 (webtiles) character file.

Game seed: 12526031106311491487

88 Araneus the Sneak (level 4, -2/29 HPs)
             Began as an Octopode Brigand on Aug 18, 2021.
             Killed by nerve-wracking pain
             ... invoked by an orc priest
              (14 damage)
             ... on level 3 of the Dungeon.
             The game lasted 00:04:09 (2254 turns).

Araneus the Sneak (Octopode Brigand)                Turns: 2254, Time: 00:04:09

Health: -2/29      AC:  1    Str: 10    XL:     4   Next: 53%
Magic:  4/4        EV: 13    Int: 13    God:
Gold:   87         SH:  0    Dex: 14    Spells: 3/3 levels left

rFire    . . .     SeeInvis .   a - +2 dagger
rCold    . . .     Faith    .   (no shield)
rNeg     . . .     Spirit   .   (helmet restricted)
rPois    .         Reflect  .   (no amulet)
rElec    .         Harm     .   (no ring)
rCorr    .         Rampage  .   (no ring)
Will     .....                  (no ring)
Stlth    +++++.....             (no ring)
HPRegen  0.09/turn              (no ring)
MPRegen  0.09/turn              (no ring)
                                (no ring)
                                (no ring)

@: no status effects
A: almost no armour, amphibious, 8 rings, camouflage 1, gelatinous body 1,
(nimble swimmer 1), tentacles
a: no special abilities


You were on level 3 of the Dungeon.
You visited 1 branch of the dungeon, and saw 3 of its levels.

You collected 87 gold pieces.

Inventory:

Hand Weapons
 a - a +2 dagger (weapon)
Missiles
 b - 3 poisoned darts (quivered)
 c - 2 curare-tipped darts
Scrolls
 d - a scroll of teleportation {unknown}
 f - a scroll of enchant weapon {unknown}
 g - a scroll of blinking {unknown}
Potions
 e - a potion of might {unknown}


   Skills:
 - Level 2.0 Fighting
 + Level 2.7 Short Blades
 - Level 2.0 Throwing
 + Level 1.2 Dodging
 + Level 7.5 Stealth


You had 3 spell levels left.
You didn't know any spells.
Your spell library contained the following spells:

 Spells                   Type           Power      Damage    Failure   Level
 Passwall                 Tmut/Erth      0%         N/A       43%         2
 Swiftness                Air            0%         N/A       67%         3
 Invisibility             Hex            0%         N/A       100%        6


Dungeon Overview and Level Annotations

Branches:
Dungeon (3/15)

Altars:
Qazlal


Innate Abilities, Weirdness & Mutations

You cannot wear most types of armour.
You are amphibious.
You can wear up to eight rings at the same time.
Your skin changes colour to match your surroundings (Stealth+).
Your rubbery body absorbs attacks. (AC +1, EV +1)
((You are camouflaged near water. (Stealth+)))
You have tentacles for arms and can constrict up to eight enemies at once.


Message History

You hear a shout! x3
Throw: 7 darts (poison)
Press: ? - help, Q - select action, (/) - cycle Shift-Dir - straight line, f/p - orc priest
Aim: an orc priest, wielding a +0 dagger (lightly wounded, poisoned, 60% to hit)
You throw a poisoned dart.
The poisoned dart closely misses the orc priest.
An orc comes into view. It is wielding a +0 hand axe.
Throw: 6 darts (poison)
Press: ? - help, Q - select action, (/) - cycle Shift-Dir - straight line, f/p - orc priest
Aim: an orc priest, wielding a +0 dagger (lightly wounded, poisoned, 60% to hit)
You throw a poisoned dart. The poisoned dart hits the orc priest.
The orc priest looks even sicker.
The orc priest is lightly wounded.
An orc wizard comes into view. It is wielding a +0 dagger.
An orc wizard comes into view.
It is wielding a +0 dagger and wearing a +1 robe of cold resistance.
Throw: 5 darts (poison)
Press: ? - help, Q - select action, (/) - cycle Shift-Dir - straight line, f/p - orc priest
Aim: an orc priest, wielding a +0 dagger (lightly wounded, very poisoned, 60% to hit)
You throw a poisoned dart. The poisoned dart hits the orc priest.
The orc priest is lightly wounded.
The orc wizard mumbles some strange words.
The orc wizard flickers and vanishes!
Deactivating autopickup; reactivate with Ctrl-A.
Throw: 4 darts (poison)
Press: ? - help, Q - select action, (/) - cycle Shift-Dir - straight line, f/p - orc priest
Aim: an orc priest, wielding a +0 dagger (moderately wounded, very poisoned, 60% to hit)
You throw a poisoned dart. The poisoned dart hits the orc priest.
The orc priest looks even sicker.
The orc priest is moderately wounded.
The orc priest mumbles some strange prayers to Beogh against you.
Beogh smites you! The orc hits you with a +0 club. The orc barely misses you.
The orc priest misses you.
The orc wizard casts a spell.
The orc wizard flickers and vanishes!
You see here a poisoned dart.
The orc hits you with a +0 club.
The orc priest invokes the aid of Beogh against you.
Pain shoots through your body!
You die...

#### ..?
..##
#######..
........##
.......<.#
#######@o#
#oo#
#(.......
#({.##.#.
#(....
#..####
.(.. ....
.....


You could see an orc priest (very poisoned) and 2 orcs.

Vanquished Creatures
  Natasha (D:2)
  2 adders (D:2)
  3 dart slugs
  3 ball pythons (D:1)
  2 endoplasms (D:1)
  2 giant cockroaches
  3 hobgoblins
  3 jackals (D:2)
  2 quokkas (D:1)
  5 bats
  3 frilled lizards (D:1)
  2 goblins
  4 kobolds
  6 rats
41 creatures vanquished.

Notes
Turn   | Place    | Note
-------+----------+-------------------------------------------
     0 | D:1      | Araneus the Octopode Brigand began the quest for the Orb.
     0 | D:1      | Reached XP level 1. HP: 14/14 MP: 1/1
   232 | D:1      | Reached XP level 2. HP: 19/19 MP: 2/2
   234 | D:1      | Reached skill level 6 in Stealth
   567 | D:1      | Reached XP level 3. HP: 24/24 MP: 3/3
  1077 | D:2      | Noticed Natasha
  1086 | D:2      | Killed Natasha
  1087 | D:2      | Reached skill level 7 in Stealth
  1087 | D:2      | Reached XP level 4. HP: 10/29 MP: 4/4
  1093 | D:2      | HP: 1/29 [kobold (5)]
  1714 | D:2      | Found a faded altar of an unknown god.
  1929 | D:2      | Found a stormy altar of Qazlal.
  2254 | D:3      | Killed from afar by an orc priest

Illustrated notes

Levels and vault maps discovered:
D:1:      minmay_arrival_split_and_join, layout_basic
D:2:      layout_loops_corners, shapermc_ecumenical_altar_acropolis,
          basic_altar, hangedman_decor_peaks_small, hex_tiny, uniq_natasha
D:3:      gammafunk_steamed_eel, layout_basic, slow_altar_1, grunt_ministairs_10

Skill      XL: |  1  2  3 |
---------------+----------+-----
Stealth        | 6 7 |  7.5
Fighting       | |  2.0
Short Blades   | |  2.7
Throwing       | |  2.0
Dodging        | |  1.2

Action                   |  1- 3 |  4- 6 || total
-------------------------+-------+-------++-------
Melee: Dagger            |    42 |    32 ||    74
       Tentacles         |     5 |     7 ||    12
       Constrict         |     6 |     9 ||    15
Throw: Dart              |       |     5 ||     5
 Stab: Sleeping          |    13 |     7 ||    20
Armor: Skin              |     1 |       ||     1
Dodge: Dodged            |    17 |    16 ||    33
